 Dungeon Crawl Stone Soup version 0.28-a0-1389-gc726bef33b (webtiles) character file.

Game seed: 12632322167897685146

68 porpoise the Skirmisher (level 4, -1/37 HPs)
             Began as a Demonspawn Artificer on Jan 4, 2022.
             Slain by a gnoll (6 damage)
             ... on level 3 of the Dungeon.
             The game lasted 00:09:21 (4513 turns).

porpoise the Skirmisher (Demonspawn Artificer)      Turns: 4513, Time: 00:09:21

Health: -1/37      AC:  3    Str: 14    XL:     4   Next: 1%
Magic:  4/4        EV: 11    Int: 13    God:
Gold:   94         SH:  0    Dex: 13    Spells: 3/3 levels left

rFire   . . .      SeeInvis .   a - +0 short sword
rCold   . . .      Faith    .   (no shield)
rNeg    . . .      Spirit   .   b - +0 leather armour
rPois   .          Reflect  .   (no helmet)
rElec   .          Harm     .   (no cloak)
rCorr   +          Rampage  .   (no gloves)
Will    .....                   (no boots)
Stlth   +.........              (no amulet)
HPRegen 0.12/turn               q - ring of resist corrosion
MPRegen 0.09/turn               (no ring)

@: no status effects
A: demonic guardian 2, spiny 1
a: no special abilities


You were on level 3 of the Dungeon.
You visited 1 branch of the dungeon, and saw 3 of its levels.

You collected 94 gold pieces.

Inventory:

Hand Weapons
 a - a +0 short sword (weapon)
Missiles
 g - 88 stones (quivered)
 n - 16 arrows
Armour
 b - a +0 leather armour (worn)
Jewellery
 q - a ring of resist corrosion (left hand)
Wands
 c - a wand of flame (9)
 d - a wand of charming (7)
Scrolls
 f - a scroll of enchant weapon {unknown}
 h - 2 scrolls of identify {unknown}
 i - 2 scrolls of blinking {unknown}
 j - a scroll of vulnerability {unknown}
 k - a scroll of immolation {unknown}
Potions
 l - a potion of might {unknown}
 m - a potion of mutation {unknown}
 o - a potion of brilliance {unknown}
 p - a potion of curing {unknown}
Miscellaneous
 e - a piece from Xom's chessboard (14/15)


   Skills:
 * Level 3.7 Fighting
 - Level 1.7 Armour
 - Level 0.8 Dodging
 + Level 1.2 Stealth
 - Level 3.0 Evocations


You had 3 spell levels left.
You didn't know any spells.
Your spell library was empty.

Dungeon Overview and Level Annotations

Branches:
Dungeon (3/15)

Altars:
Ashenzari
Makhleb
Okawaru
Uskayaw

Annotations:
D:3 Grinder


Innate Abilities, Weirdness & Mutations

A demonic guardian rushes to your aid.
You are partially covered in sharp spines.


Message History

Grinder hits you!
You can move again.
Aiming: Charm
Press: ? - help, Shift-Dir - straight line, f - Grinder
Aim: Grinder (moderately wounded, chance to affect: 56%)
Okay, then.
You make a move on Xom's chessboard...
Grinder twists and deforms.
Grinder hits you.
Aiming: Charm
Press: ? - help, Shift-Dir - straight line, f - kobold
Aim: a kobold, wielding a +0 short sword (chance to affect: 73%)
The kobold is charmed.
Grinder blinks!
A phantom comes into view.
The gnoll shouts!
You hear a shout! x2
You see here a +0 club.
Grinder gestures at you.
You suddenly lose the ability to move!
A gnoll comes into view. It is wielding a +0 halberd.
The gnoll throws a throwing net.
The throwing net hits you.
You become entangled in the net!
Grinder gestures at you.
Your kobold writhes in agony.
Your kobold closely misses Grinder.
The gnoll hits you from afar with a +0 spear.
* * * LOW HITPOINT WARNING * * *
Grinder barely misses your kobold.
Your kobold barely misses Grinder.
The gnoll hits you from afar with a +0 spear.
* * * LOW HITPOINT WARNING * * *
A demonic guardian appears!
Grinder hits your kobold.
Your kobold dies!
You can move again.
You see here a throwing net.
You tear a large gash into the net.
The gnoll hits you from afar with a +0 spear.
* * * LOW HITPOINT WARNING * * *
A hobgoblin comes into view.
Unknown command.
You shred the net and break free!
The gnoll hits you from afar with a +0 spear.
You die...

#...######......... #...
#.............
#...##.............
#######.##.....#........
.................#######
.....##.##......##
#....##.#.......... ...
#................. ...
####.[@)5..#######. .
#.. ...#.#..##......W ..
#..###..(...4gg.....###
##.#.............g.###.#
.>................... ..
.........###....#.....
..
...........#.####......
. .......5.<..# ....g.
...........##


You could see Grinder (misshapen), 3 gnolls, a hobgoblin and a friendly hellwing
(summoned).

Vanquished Creatures
  An adder (D:2)
  A worm (D:2)
  2 dart slugs
  2 orcs (D:2)
  A bat (D:2)
  2 endoplasms
  2 giant cockroaches
  3 goblins (D:1)
  3 hobgoblins
  A jackal (D:1)
  2 quokkas
  4 ball pythons
  A frilled lizard (D:1)
  A kobold (D:2)
  2 rats
28 creatures vanquished.

Vanquished Creatures (collateral kills)
  A worm (D:3)
  2 dart slugs
  An orc (D:2)
  A ball python (D:1)
  2 endoplasms (D:1)
  A giant cockroach (D:3)
  A jackal (D:1)
  A quokka (D:1)
  A frilled lizard (D:1)
  A goblin (D:1)
  2 rats
14 creatures vanquished.

Vanquished Creatures (others)
  3 kobolds (D:3)
3 creatures vanquished.

Grand Total: 45 creatures vanquished

Notes
Turn   | Place    | Note
-------+----------+-------------------------------------------
     0 | D:1      | porpoise the Demonspawn Artificer began the quest for the
                  | Orb.
     0 | D:1      | Reached XP level 1. HP: 15/15 MP: 1/1
   434 | D:1      | Gained mutation: A weak demonic guardian rushes to your
                  | aid. [demonic ancestry]
   434 | D:1      | Reached XP level 2. HP: 13/22 MP: 2/2
  2008 | D:1      | Gained mutation: You are partially covered in sharp spines.
                  | [demonic ancestry]
  2008 | D:1      | Reached XP level 3. HP: 23/29 MP: 3/3
  2686 | D:2      | Found a burning altar of Makhleb.
  2740 | D:2      | Reached skill level 1 in Stealth
  3680 | D:3      | Noticed Grinder
  3680 | D:3      | Paralysed by Grinder for 3 turns
  4229 | D:3      | Found a hide-covered altar of Uskayaw.
  4229 | D:3      | Found a broken altar of Ashenzari.
  4230 | D:3      | Found an iron altar of Okawaru.
  4264 | D:2      | Gained mutation: A demonic guardian rushes to your aid.
                  | [demonic ancestry]
  4264 | D:2      | Reached XP level 4. HP: 12/37 MP: 4/4
  4501 | D:3      | Paralysed by Grinder for 2 turns
  4504 | D:3      | Noticed a phantom
  4507 | D:3      | Paralysed by Grinder for 5 turns
  4513 | D:3      | Slain by a gnoll

Illustrated notes

Levels and vault maps discovered:
D:1:      eino_arrival_water_star, layout_basic, minmay_tiny_reverse_x
D:2:      layout_basic, basic_altar
D:3:      layout_rooms, marbit_many_paths,
          chequers_temple_overflow_statue_of_worship, uniq_grinder

Skill      XL: |  1  2  3 |
---------------+----------+-----
Fighting       | 2 3 |  3.7
Stealth        | 1 |  1.2
Armour         | |  1.7
Dodging        | |  0.8
Evocations     | |  3.0

Action                   |  1- 3 |  4- 6 || total
-------------------------+-------+-------++-------
Melee: Club              |    96 |       ||    96
       Short sword       |    19 |     4 ||    23
Throw: Stone             |     1 |       ||     1
Evoke: Wand              |    12 |     2 ||    14
       Piece from Xom's  |     1 |     1 ||     2
 Stab: Sleeping          |     1 |       ||     1
Armor: Leather armour    |    37 |       ||    37
Dodge: Dodged            |    62 |     2 ||    64

Table legend: (Time is in decaauts)
 A = Elapsed time spent in this place.
 B = Non-inter-level travel time spent in this place.
 C = Inter-level travel time spent in this place.
 D = Time resting spent in this place.
 E = Time spent auto-exploring this place.
 F = Levels seen in this place.
 G = Mean time per level.
                   A        B        C        D        E       F      G
               +--------+--------+--------+--------+--------+-----+--------+
         Total |   4546 |   4493 |     53 |   3027 |   1008 |   3 | 1515.3 |
       Dungeon |   4546 |   4493 |     53 |   3027 |   1008 |   3 | 1515.3 |
               +--------+--------+--------+--------+--------+-----+--------+

Top non-repeatable levels by time:
     D:1: 2111 daAuts
     D:2: 2053 daAuts
     D:3: 380 daAuts
